Map: Orbital Shipyard (3.0.5 Balance v1.0)

Players

rxrxYUKI - Winner!

  • Race: Protoss Protoss

Player 2

  • Race: Protoss Protoss

VOD

Have the link to the VOD?

Description

Time

  • Played on: Dec. 19, 2015, 8:43 a.m.
  • Length: 5:56
Show
View Real Time Build Order
Export as new Build Order

rxrxYUKI Protoss - Winner!

Build Orders:  

Get SALT Encoding   

  13  0:07  Probe (Chrono Boost)  
  13  0:18  Probe (Chrono Boost)  
  14  0:22  Pylon  
  15  0:28  Probe (Chrono Boost)  
  15  0:40  Probe (Chrono Boost)  
  16  0:44  Gateway  
  16  0:51  Probe (Chrono Boost)  
  16  0:56  Assimilator  
  17  1:01  Probe (Chrono Boost)  
  17  1:02  Assimilator  
  18  1:16  Gateway  
  18  1:17  Probe (Chrono Boost)  
  19  1:33  Cybernetics Core  
  19  1:38  Probe (Chrono Boost)  
  20  1:51  Probe (Chrono Boost)  
  21  2:04  Pylon  
  21  2:10  Warp Gate  
  21  2:24  Gateway  
  21  2:25  Gateway  
  21  2:27  Adept  
  21  2:28  Adept  
  25  3:07  Adept x2  
  29  3:13  Adept  
  31  3:21  Pylon x2  
  31  3:23  Pylon x2  
  31  3:39  Adept  
  33  3:42  Gateway  
  33  4:21  Stalker x2  
  33  4:22  Stalker x2  
  39  5:10  Stalker x2  
  39  5:11  Stalker x2  
  47  5:40  Stalker x2  
  47  5:41  Stalker x2  
Show
View Real Time Build Order
Export as new Build Order

Player 2 Protoss 

Build Orders:  

Get SALT Encoding   

  12  0:01  Probe (Chrono Boost)  
  13  0:11  Probe (Chrono Boost)  
  14  0:20  Pylon  
  14  0:22  Probe (Chrono Boost)  
  15  0:38  Probe (Chrono Boost)  
  16  0:44  Assimilator  
  16  0:50  Gateway  
  16  0:52  Pylon  
  16  1:16  Assimilator  
  16  1:35  Zealot  
  18  1:41  Cybernetics Core  
  18  1:43  Probe (Chrono Boost)  
  19  1:56  Pylon  
  19  2:00  Probe (Chrono Boost)  
  20  2:09  Warp Gate  
  20  2:11  Probe (Chrono Boost)  
  21  2:16  Adept  
  24  2:23  Probe (Chrono Boost)  
  24  2:34  Probe (Chrono Boost)  
  25  2:42  Stalker  
  27  2:46  Probe (Chrono Boost)  
  28  3:10  Adept  
  30  4:49  Stalker  
  30  4:51  Pylon  
  22  5:09  Zealot  
  22  5:25  Pylon  
  22  5:26  Stalker  
  24  5:31  Probe (Chrono Boost)  
  21  5:37  Nexus  
  21  5:41  Robotics Facility  
  21  5:42  Probe (Chrono Boost)  
  9  5:45  Gateway  
Tags
 
Add a new tag
Caveats
  • Supply blocks, unpowered buildings, or Contaminate may cause inaccurate times.
  • Supply counts are checked every 10 seconds.